NWL (28 & UNDER)
BISMARCK BARONS @ CULVER CITY EXTRAS
04/07/2027
 
TOP OF THE 1ST
Bismarck Barons batting - Pitching for Culver City Extras : RHP Bill Chase
Pitching: RHP Bill Chase
Batting: LHB John Frost 0-0: Ball
1-0: Ball
2-0: Called Strike
2-1: Ball
3-1: Bunt for hit - play at first, batter safe!
Batting: LHB Jesús Bueno 0-0: Ball
1-0: Foul Ball, location: 2F
1-1: Ball
2-1: Called Strike
2-2: DOUBLE (Line Drive, 89D)
John Frost to third
Batting: RHB Seiji Kouno 0-0: Called Strike
0-1: Ball
1-1: Fly out, F8 (Flyball, 8RM)
Runner from 3rd tags up, SCORES, no throw
Batting: RHB Michael Thomas 0-0: Fly out, F7 (Flyball, 7)
Batting: LHB Pedro Díaz 0-0: Called Strike
0-1: Ball
1-1: Foul Ball, location: 2F
1-2: Fly out, F8 (Flyball, 8RM)
Top of the 1st over - 1 run(s), 2 hit(s), 0 error(s), 1 left on base; Bismarck 1 - Culver City 0
BOTTOM OF THE 1ST
Culver City Extras batting - Pitching for Bismarck Barons : RHP Sébastien Benoit
Pitching: RHP Sébastien Benoit
Batting: RHB Augusto Trevino 0-0: Ball
1-0: Called Strike
1-1: Ball
2-1: Foul Ball, location: 2F
2-2: Ball
3-2: Base on Balls
Batting: LHB Brian Ford 0-0: Called Strike
0-1: Ball
1-1: Swinging Strike
1-2: Ball
2-2: Foul Ball, location: 2F
2-2: Strikes out swinging
Batting: LHB Benny Richard 0-0: Ball
Wild Pitch!
Augusto Trevino to second
1-0: Ball
2-0: Swinging Strike
2-1: Swinging Strike
2-2: Foul Ball, location: 2F
2-2: Foul Ball, location: 2F
2-2: Ball
3-2: Base on Balls
Batting: RHB Max Alexander 0-0: Ball
1-0: Ball
2-0: Called Strike
2-1: Foul Ball, location: 2F
2-2: Ball
3-2: Strikes out swinging
Batting: LHB Nick English 0-0: Called Strike
0-1: Ball
1-1: Fielders Choice at 2nd, 4-6 (Groundball, 4)
Bottom of the 1st over - 0 run(s), 0 hit(s), 0 error(s), 1 left on base; Bismarck 1 - Culver City 0
TOP OF THE 2ND
Bismarck Barons batting - Pitching for Culver City Extras : RHP Bill Chase
Batting: SHB Jeff Chambers 0-0: Ball
1-0: Ground out U3 (Groundball, 3L)
Batting: SHB Tim Johnson 0-0: Swinging Strike
0-1: Ball
1-1: Ground out 1-3 (Groundball, 13)
Batting: RHB Felipe Domínguez 0-0: Ground out 6-3 (Groundball, 6)
Top of the 2nd over - 0 run(s), 0 hit(s), 0 error(s), 0 left on base; Bismarck 1 - Culver City 0
BOTTOM OF THE 2ND
Culver City Extras batting - Pitching for Bismarck Barons : RHP Sébastien Benoit
Batting: RHB Bob Magee 0-0: Ball
1-0: Ball
2-0: Ball
3-0: Base on Balls
Batting: LHB Richard Bell 0-0: Fly out, F6 (Popup, 56D)
Batting: RHB Ryan Parrish 0-0: Grounds into double play, 6-4-3 (Groundball, 6)
Bottom of the 2nd over - 0 run(s), 0 hit(s), 0 error(s), 0 left on base; Bismarck 1 - Culver City 0
TOP OF THE 3RD
Bismarck Barons batting - Pitching for Culver City Extras : RHP Bill Chase
Batting: RHB Roberto García 0-0: Foul Ball, location: 2F
0-1: Fly out, F5 (Popup, 5L)
Batting: LHB John Frost 0-0: Ball
1-0: Called Strike
1-1: Ball
2-1: Ball
3-1: Base on Balls
Batting: LHB Jesús Bueno 0-0: Ball
1-0: Called Strike
1-1: Foul Ball, location: 2F
1-2: Strikes out swinging
Batting: RHB Seiji Kouno 0-0: Called Strike
John Frost steals 2nd base
0-1: Foul Ball, location: 2F
0-2: Ball
1-2: Strikes out swinging
Top of the 3rd over - 0 run(s), 0 hit(s), 0 error(s), 1 left on base; Bismarck 1 - Culver City 0
BOTTOM OF THE 3RD
Culver City Extras batting - Pitching for Bismarck Barons : RHP Sébastien Benoit
Batting: RHB Cooper Richard 0-0: Fly out, F9 (Flyball, 9)
Batting: RHB Augusto Trevino 0-0: Ball
1-0: Foul Ball, location: 2F
1-1: Ball
2-1: Ball
3-1: Foul Ball, location: 2F
3-2: Base on Balls
Batting: LHB Brian Ford 0-0: Ball
1-0: Ball
2-0: Ball
3-0: Called Strike
3-1: SINGLE (Groundball, 34S) (infield hit)
Augusto Trevino to second
Batting: LHB Benny Richard 0-0: Ball
1-0: Called Strike
1-1: Called Strike
Augusto Trevino steals 3rd base
Brian Ford to second
1-2: Ball
2-2: SINGLE (Flyball, 9LM)
Augusto Trevino scores
Brian Ford to third
Runner from 3rd tries for Home, SAFE, no throw
Batting: RHB Max Alexander 0-0: Called Strike
0-1: Ball
1-1: Ball
2-1: Swinging Strike
2-2: Strikes out swinging
Batting: LHB Nick English 0-0: Called Strike
0-1: Fly out, F9 (Flyball, 9LMF)
Bottom of the 3rd over - 2 run(s), 2 hit(s), 0 error(s), 1 left on base; Bismarck 1 - Culver City 2
TOP OF THE 4TH
Bismarck Barons batting - Pitching for Culver City Extras : RHP Bill Chase
Batting: RHB Michael Thomas 0-0: Ball
1-0: Fly out, F9 (Flyball, 9S)
Batting: LHB Pedro Díaz 0-0: Called Strike
0-1: Ball
1-1: Swinging Strike
1-2: Ball
2-2: Ball
3-2: Foul Ball, location: 2F
3-2: Base on Balls
Batting: SHB Jeff Chambers 0-0: Fly out, F8 (Flyball, 8LD)
Batting: SHB Tim Johnson 0-0: Ball
1-0: Ball
2-0: Ball
3-0: Base on Balls
Pedro Díaz to second
Batting: RHB Felipe Domínguez 0-0: Called Strike
0-1: Ball
1-1: DOUBLE (Line Drive, 7LM)
Pedro Díaz scores
Tim Johnson to third
Batting: RHB Roberto García 0-0: Foul Ball, location: 2F
0-1: Fly out, F9 (Flyball, 9D)
Top of the 4th over - 1 run(s), 1 hit(s), 0 error(s), 2 left on base; Bismarck 2 - Culver City 2
BOTTOM OF THE 4TH
Culver City Extras batting - Pitching for Bismarck Barons : RHP Sébastien Benoit
Batting: RHB Bob Magee 0-0: Called Strike
0-1: Ball
1-1: Foul Ball, location: 2F
1-2: Ball
2-2: Ball
3-2: Fly out, F8 (Flyball, 8RM)
Batting: LHB Richard Bell 0-0: Called Strike
0-1: Ball
1-1: Foul Ball, location: 2F
1-2: Foul Ball, location: 2F
1-2: Ball
2-2: Ball
3-2: Foul Ball, location: 2F
3-2: Ground out 3-1 (Groundball, 34)
Batting: RHB Ryan Parrish 0-0: Ball
1-0: Ball
2-0: Called Strike
2-1: Ground out 6-3 (Groundball, 6)
Bottom of the 4th over - 0 run(s), 0 hit(s), 0 error(s), 0 left on base; Bismarck 2 - Culver City 2
TOP OF THE 5TH
Bismarck Barons batting - Pitching for Culver City Extras : RHP Bill Chase
Batting: LHB John Frost 0-0: Called Strike
0-1: Swinging Strike
0-2: Ball
1-2: Foul Ball, location: 2F
1-2: Foul Ball, location: 2F
1-2: Ball
2-2: Ball
3-2: Foul Ball, location: 2F
3-2: SINGLE (Flyball, 8RS)
Batting: LHB Jesús Bueno 0-0: Ball
1-0: Fly out, F8 (Flyball, 89M)
Batting: RHB Seiji Kouno 0-0: Called Strike
0-1: Ball
1-1: Ball
2-1: Swinging Strike
2-2: Ball
3-2: Foul Ball, location: 2F
3-2: Foul Ball, location: 2F
3-2: Fly out, F8 (Flyball, 8LD)
Batting: RHB Michael Thomas 0-0: Ball
1-0: Ball
2-0: Ball
3-0: Called Strike
3-1: Fly out, F8 (Flyball, 8RD)
Top of the 5th over - 0 run(s), 1 hit(s), 0 error(s), 1 left on base; Bismarck 2 - Culver City 2
BOTTOM OF THE 5TH
Culver City Extras batting - Pitching for Bismarck Barons : RHP Sébastien Benoit
Batting: RHB Cooper Richard 0-0: Ball
1-0: Ball
2-0: Foul Ball, location: 2F
2-1: Ball
3-1: Called Strike
3-2: Foul Ball, location: 2F
3-2: SOLO HOME RUN (Flyball, 89XD), Distance : 429 ft
Batting: RHB Augusto Trevino 0-0: Called Strike
0-1: Ball
1-1: Ball
2-1: Ball
3-1: Base on Balls
Pitching: RHP Felix Carrado
Batting: LHB Brian Ford 0-0: Ball
1-0: Grounds into double play, 4-6-3 (Groundball, 4)
Batting: LHB Benny Richard 0-0: Ball
1-0: Ball
2-0: Called Strike
2-1: Foul Ball, location: 2F
2-2: Ball
3-2: Fly out, F9 (Flyball, 9LS)
Bottom of the 5th over - 1 run(s), 1 hit(s), 0 error(s), 0 left on base; Bismarck 2 - Culver City 3
TOP OF THE 6TH
Bismarck Barons batting - Pitching for Culver City Extras : RHP Bill Chase
Batting: LHB Pedro Díaz 0-0: Ball
1-0: Called Strike
1-1: Ball
2-1: Foul Ball, location: 2F
2-2: Foul Ball, location: 2F
2-2: DOUBLE (Flyball, 89D)
Batting: SHB Jeff Chambers 0-0: Called Strike
0-1: Ground out 3-1 (Groundball, 34S)
Pedro Díaz to third
Batting: SHB Tim Johnson 0-0: Ball
1-0: Called Strike
1-1: Called Strike
1-2: Foul Ball, location: 2F
1-2: Ball
2-2: Foul Ball, location: 2F
2-2: Ball
Balk!
Pedro Díaz scores
3-2: Base on Balls
Pitching: RHP Juan Tapia
Batting: RHB Felipe Domínguez 0-0: Called Strike
Tim Johnson steals 2nd base
0-1: Ball
1-1: Foul Ball, location: 2F
1-2: Strikes out swinging
Batting: RHB Roberto García 0-0: Called Strike
0-1: Called Strike
0-2: Ball
1-2: Ball
2-2: Ball
3-2: Base on Balls
Batting: LHB John Frost 0-0: Fielders Choice at 2nd, 6-4 (Groundball, 6)
Top of the 6th over - 1 run(s), 1 hit(s), 0 error(s), 1 left on base; Bismarck 3 - Culver City 3
BOTTOM OF THE 6TH
Culver City Extras batting - Pitching for Bismarck Barons : RHP Felix Carrado
Batting: RHB Max Alexander 0-0: Called Strike
0-1: Ball
1-1: Ball
2-1: SINGLE (Groundball, 56D)
Batting: LHB Nick English 0-0: Swinging Strike
0-1: Foul Ball, location: 2F
0-2: Ball
1-2: Ball
2-2: Fly out, F7 (Flyball, 7)
Batting: RHB Bob Magee 0-0: Ball
1-0: Ball
2-0: SINGLE (Line Drive, 8RS)
Max Alexander to second
Runner from 2nd tries for 3rd, SAFE, throw made to third
Bob Magee to second
Batting: LHB Richard Bell 0-0: Ball
1-0: Called Strike
1-1: Called Strike
1-2: DOUBLE (Groundball, 5L)
Max Alexander scores
Bob Magee scores
Batting: RHB Ryan Parrish 0-0: Foul Ball, location: 2F
0-1: Ball
1-1: Ball
2-1: Ball
3-1: Foul Ball, location: 2F
3-2: SINGLE (Flyball, 8LS)
Richard Bell to third
Batting: RHB Cooper Richard 0-0: Called Strike
0-1: Ball
Ryan Parrish is caught stealing 2nd base
1-1: Swinging Strike
1-2: Foul Ball, location: 2F
1-2: Foul Ball, location: 2F
1-2: Fly out, F9 (Flyball, 9S)
Bottom of the 6th over - 2 run(s), 4 hit(s), 0 error(s), 1 left on base; Bismarck 3 - Culver City 5
TOP OF THE 7TH
Bismarck Barons batting - Pitching for Culver City Extras : RHP Juan Tapia
Batting: LHB Jesús Bueno 0-0: Ball
1-0: Ball
2-0: Ball
3-0: Foul Ball, location: 2F
3-1: Foul Ball, location: 2F
3-2: Base on Balls
Batting: RHB Seiji Kouno 0-0: Ball
1-0: Ball
2-0: Called Strike
2-1: SINGLE (Line Drive, 6MD)
Jesús Bueno to second
Batting: RHB Michael Thomas 0-0: Ball
1-0: Fly out, F8 (Flyball, 89S)
Pitching: LHP Cliff Williams
Pinch Runner at 2nd Pancho Torres:
Pinch Hitting: RHB Jon Krohne 0-0: Ball
1-0: Called Strike
1-1: Foul Ball, location: 2F
1-2: Ball
2-2: Strikes out swinging
Pitching: RHP Mark Greene
Batting: SHB Jeff Chambers 0-0: Ball
1-0: Called Strike
1-1: Ball
2-1: Swinging Strike
2-2: Strikes out swinging
Top of the 7th over - 0 run(s), 1 hit(s), 0 error(s), 2 left on base; Bismarck 3 - Culver City 5
BOTTOM OF THE 7TH
Culver City Extras batting - Pitching for Bismarck Barons : RHP Felix Carrado
Now in LF: Pancho Torres
Now in RF: Jon Krohne
Batting: RHB Augusto Trevino 0-0: Called Strike
0-1: Ball
1-1: Foul Ball, location: 2F
1-2: Strikes out swinging
Batting: LHB Brian Ford 0-0: Ball
1-0: Ball
2-0: Ball
3-0: Called Strike
3-1: Called Strike
3-2: Base on Balls
Batting: LHB Benny Richard 0-0: Grounds into double play, 4-6-3 (Groundball, 4M)
Bottom of the 7th over - 0 run(s), 0 hit(s), 0 error(s), 0 left on base; Bismarck 3 - Culver City 5
TOP OF THE 8TH
Bismarck Barons batting - Pitching for Culver City Extras : RHP Mark Greene
Batting: SHB Tim Johnson 0-0: Ball
1-0: Called Strike
1-1: Ball
2-1: Ball
3-1: Swinging Strike
3-2: Base on Balls
Pitching: RHP Bob Martin
Batting: RHB Felipe Domínguez 0-0: Ball
1-0: Ball
2-0: Ball
3-0: Base on Balls
Tim Johnson to second
Batting: RHB Roberto García 0-0: Called Strike
0-1: Ball
1-1: Foul Ball, location: 2F
1-2: Ball
2-2: Ball
3-2: Fly out, F8 (Line Drive, 8LD)
Batting: LHB John Frost 0-0: Called Strike
0-1: Ball
1-1: Foul Ball, location: 2F
1-2: SINGLE (Line Drive, 9LS)
Tim Johnson to third
Felipe Domínguez to second
Runner from 3rd tries for Home, SAFE, throw made home
Felipe Domínguez to third
John Frost to second
Pinch Hitting: SHB Manuel Hegnauer 0-0: Swinging Strike
0-1: SINGLE (Flyball, 8LS)
Felipe Domínguez scores
John Frost to third
Runner from 3rd tries for Home, SAFE, no throw
Pitching: RHP Sergio Romo
Batting: RHB Seiji Kouno 0-0: Ball
1-0: Grounds into double play, 4-6-3 (Groundball, 4M)
Top of the 8th over - 3 run(s), 2 hit(s), 0 error(s), 0 left on base; Bismarck 6 - Culver City 5
BOTTOM OF THE 8TH
Culver City Extras batting - Pitching for Bismarck Barons : RHP Felix Carrado
Pitching: LHP Christiano Gomes
Now in LF: Jorge Fernández
Batting: RHB Max Alexander 0-0: Foul Ball, location: 2F
0-1: Called Strike
0-2: Ball
1-2: Ball
2-2: Foul Ball, location: 2F
2-2: Strikes out swinging
Batting: LHB Nick English 0-0: Ball
1-0: Foul Ball, location: 2F
1-1: Foul Ball, location: 2F
1-2: Fly out, F8 (Line Drive, 8RD)
Pitching: RHP Francisco Anaya
Batting: RHB Bob Magee 0-0: Swinging Strike
0-1: SINGLE (Line Drive, 89S)
Pinch Runner at 1st Lawrence Steward:
Pinch Hitting: RHB Tony Cruz 0-0: Foul Ball, location: 2F
0-1: Swinging Strike
0-2: Foul Ball, location: 2F
0-2: Foul Ball, location: 2F
0-2: SINGLE (Flyball, 9S)
Lawrence Steward to second
Runner from 2nd tries for 3rd, SAFE, throw made to third
Batting: RHB Ryan Parrish 0-0: Ball
1-0: Foul Ball, location: 2F
1-1: Ball
2-1: Called Strike
2-2: Foul Ball, location: 2F
2-2: Fielders Choice at 2nd, 6-4 (Groundball, 6)
Bottom of the 8th over - 0 run(s), 2 hit(s), 0 error(s), 1 left on base; Bismarck 6 - Culver City 5
TOP OF THE 9TH
Bismarck Barons batting - Pitching for Culver City Extras : RHP Sergio Romo
Pitching: RHP José González
Now at 3B: Artie Pennington
Now at SS: Lawrence Steward
Batting: RHB Michael Thomas 0-0: Ball
1-0: Ball
2-0: Ground out 5-3 (Groundball, 56S)
Batting: RHB Jon Krohne 0-0: Ball
1-0: Called Strike
1-1: Ball
2-1: Swinging Strike
2-2: Strikes out swinging
Batting: SHB Jeff Chambers 0-0: Called Strike
0-1: Ball
1-1: Ball
2-1: Foul Ball, location: 2F
2-2: Strikes out swinging
Top of the 9th over - 0 run(s), 0 hit(s), 0 error(s), 0 left on base; Bismarck 6 - Culver City 5
BOTTOM OF THE 9TH
Culver City Extras batting - Pitching for Bismarck Barons : RHP Francisco Anaya
Pitching: RHP Orlando Trinidad
Batting: RHB Cooper Richard 0-0: Called Strike
0-1: Swinging Strike
0-2: Strikes out swinging
Batting: RHB Augusto Trevino 0-0: Ball
1-0: Ball
2-0: Called Strike
2-1: Ball
3-1: Called Strike
3-2: Foul Ball, location: 2F
3-2: SINGLE (Line Drive, 56)
Batting: LHB Brian Ford 0-0: Foul Ball, location: 2F
0-1: Ball
1-1: Fly out, F3 (Popup, 3S)
Batting: LHB Benny Richard 0-0: Ball
1-0: Foul Ball, location: 2F
1-1: Ball
2-1: Fly out, F7 (Flyball, 78M)
Bottom of the 9th over - 0 run(s), 1 hit(s), 0 error(s), 1 left on base; Bismarck 6 - Culver City 5
Thursday, March 30th, 2017 - OOTP Baseball 17.12 Build 75